 Dungeon Crawl Stone Soup version 0.30.1-1-g62c8e00024 (webtiles) character file.

Game seed: 17344993819835838879

668989 Peloso the Minotaur Barricade (level 27, -2/269 (273) HPs)
             Began as a Minotaur Fighter on July 15, 2023.
             Was an Elder of Okawaru.
             Slain by a tainted leviathan (24 damage)
             ... on level 14 of a ziggurat on July 16, 2023.
             The game lasted 05:05:04 (110335 turns).

Peloso the Minotaur Barricade (Minotaur Fighter)  Turns: 110335, Time: 05:05:05

HP:   -2/269 (273)  AC: 52    Str: 33    XL:     27
MP:   35/35         EV: 14    Int: 11    God:    Okawaru [****..]
Gold: 10639         SH: 32    Dex: 20    Spells: 26/26 levels left

rFire   + . .        a - +9 double sword (flame)
rCold   + + +        d - +6 tower shield {reflect}
rNeg    + . .        s - +12 gold dragon scales
rPois   +            q - +0 hat "Loppinum" {rElec Slay+5}
rElec   +            P - +4 dragonskin cloak
rCorr   +            C - +1 pair of gloves {Dex+3}
SInv    +            D - +2 pair of boots
Will    +++..        S - amulet of Vitality {RegenMP++ Regen++} Stlth
                     u - ring of Dupn {rC+ Will+ Int+6 Dex+3 Slay+3}
HPRegen 2.24/turn    R - ring "Koumid" {rC+ rN+ rCorr Str+2 SInv}
MPRegen 1.04/turn

%: random rage (3%), reflection
@: lethally poisoned (-2 -> -2), heroic, hasted and slowed, studying 5 skills,
silenced, lightly drained
A: horns 2, retaliatory headbutt, claws 2, berserk 1, subdued magic 1, noise
suppression
}: 4/15 runes: decaying, serpentine, slimy, silver
a: Renounce Religion


You were on level 14 of a ziggurat.
You worshipped Okawaru.
Okawaru was greatly pleased with you.
You visited 12 branches of the dungeon, and saw 53 of its levels.
You visited the Abyss 3 times.
You visited 1 ziggurat, and saw 14 of its levels.
You also visited: Trove, Sewer, Bailey, Gauntlet, Ice Cave and Wizlab.

You collected 12612 gold pieces.
You spent 1973 gold pieces at shops.

Inventory:

Hand Weapons
 a - a +9 double sword of flaming (weapon)
 b - a +4 long sword of holy wrath
 c - the +9 scimitar "Killer Bee's Curse" {freeze, Drain rElec rPois rN++}
   (You found it on level 3 of the Depths)

   rElec:     It insulates you from electricity.
   rPois:     It protects you from poison.
   rN:        It greatly protects you from negative energy.
   Drain:     It drains your maximum health when unequipped.
Armour
 d - a +6 tower shield of reflection (worn)
 q - the +0 hat "Loppinum" (worn) {rElec Slay+5}
   (Okawaru gifted it to you on level 5 of the Lair of Beasts)

   Slay:      It affects your accuracy & damage with ranged weapons and melee
   (+5).
   rElec:     It insulates you from electricity.
 s - +12 gold dragon scales (worn)
 C - a +1 pair of gloves of dexterity (worn)
 D - a +2 pair of boots (worn)
 G - the +2 cloak of the Thief {*Fog Slay-2 SInv Stlth+}
   (You acquired it in a wizard's laboratory)

   *Fog:      It may release a thick cloud of smoke when the wearer is hurt.
   Slay:      It affects your accuracy & damage with ranged weapons and melee
   (-2).
   SInv:      It lets you see invisible.
   Stlth:     It makes you more stealthy.
 P - the +4 dragonskin cloak (worn)
   (You took it off Tiamat on level 2 of the Realm of Zot)

   Avatar's Aegis: It grants the wearer a chance to resist fire, cold, poison,
   electricity, acid, and negative energy.
Jewellery
 u - the ring of Dupn (left hand) {rC+ Will+ Int+6 Dex+3 Slay+3}
   (You found it on level 5 of the Vaults)

   [ring of intelligence]

   Int:       It affects your intelligence (+6).
   Dex:       It affects your dexterity (+3).
   Slay:      It affects your accuracy & damage with ranged weapons and melee
   (+3).
   rC:        It protects you from cold.
   Will:      It increases your willpower.
 w - the amulet "Xowim" {Faith rC+ Str+3}
   (You found it in a treasure trove)

   [amulet of faith]

   It allows you to gain divine favour quickly.
   Str:       It affects your strength (+3).
   rC:        It protects you from cold.
 x - a +4 ring of protection
 z - the ring "Roichahe" {rPois rC+ Will+++ Int-3 Dex-5}
   (You found it on level 5 of a ziggurat)

   [ring of protection from cold]

   Int:       It affects your intelligence (-3).
   Dex:       It affects your dexterity (-5).
   rC:        It protects you from cold.
   rPois:     It protects you from poison.
   Will:      It greatly increases your willpower.
 A - the ring of the Unbearable God {rCorr Str+3}
   (You found it on level 10 of a ziggurat)

   [ring of resist corrosion]

   Str:       It affects your strength (+3).
   rCorr:     It protects you from acid and corrosion.
 F - the ring of Imny {Fly rElec rPois Will+ Int+5}
   (You acquired it on level 1 of the Vaults)

   [ring of flight]

   Int:       It affects your intelligence (+5).
   rElec:     It insulates you from electricity.
   rPois:     It protects you from poison.
   Fly:       It grants you flight.
   Will:      It increases your willpower.
 O - the ring "Kokh" {rCorr Int-2 Dex+5 Stlth+}
   (You found it on level 11 of a ziggurat)

   [ring of resist corrosion]

   Int:       It affects your intelligence (-2).
   Dex:       It affects your dexterity (+5).
   rCorr:     It protects you from acid and corrosion.
   Stlth:     It makes you more stealthy.
 R - the ring "Koumid" (right hand) {rC+ rN+ rCorr Str+2 SInv}
   (You took it off an ironbound convoker on level 4 of the Vaults)

   [ring of protection from cold]

   Str:       It affects your strength (+2).
   rC:        It protects you from cold.
   rN:        It protects you from negative energy.
   SInv:      It lets you see invisible.
   rCorr:     It protects you from acid and corrosion.
 S - the amulet of Vitality (around neck) {RegenMP++ Regen++}
   (You found it on level 10 of a ziggurat)

   [amulet of magic regeneration]

   It increases your rate of magic regeneration.
   Regen:     It increases your rate of health regeneration.
Wands
 t - a wand of mindburst (22)
 E - a wand of roots (6)
 K - a wand of flame (23)
 M - a wand of digging (19)
Scrolls
 e - 35 scrolls of identify
 f - 17 scrolls of immolation
 k - 2 scrolls of fog
 m - 31 scrolls of teleportation
 o - 2 scrolls of silence
 p - 9 scrolls of magic mapping
 r - 2 scrolls of enchant weapon
 y - 10 scrolls of blinking
 H - a scroll of amnesia
 J - 7 scrolls of fear
 L - 16 scrolls of poison
Potions
 g - 8 potions of might
 h - a potion of mutation
 i - 4 potions of curing
 j - 2 potions of heal wounds
 l - a potion of magic
 n - 8 potions of haste
 v - 2 potions of flight
 B - 7 potions of resistance
 I - a potion of berserk rage
 N - 7 potions of invisibility


   Skills:
 O Level 27 Fighting
 + Level 1.3(21.7) Short Blades
 O Level 27 Long Blades
 + Level 1.9(7.8) Axes
 + Level 2.9(8.3) Maces & Flails
 + Level 1.0(6.9) Polearms
 + Level 1.1(7.3) Staves
 + Level 1.0(6.0) Ranged Weapons
 + Level 1.3(6.3) Throwing
 O Level 27 Armour
 + Level 4.3(9.3) Dodging
 + Level 3.1(8.1) Stealth
 O Level 27 Shields
 + Level 1.1(6.1) Unarmed Combat
 + Level 0.3 Spellcasting
 + Level 0.5 Conjurations
 + Level 0.6 Hexes
 + Level 0.5 Summonings
 + Level 0.6 Necromancy
 + Level 0.9 Translocations
 + Level 0.8 Transmutations
 + Level 0.6 Fire Magic
 + Level 0.8 Ice Magic
 + Level 0.7 Air Magic
 + Level 1.6 Earth Magic
 + Level 0.6 Poison Magic
 + Level 19.8 Invocations
 + Level 13.3 Evocations


You had 26 spell levels left.
You didn't know any spells.
Your spell library contained the following spells:

 Spells                   Type           Power      Damage    Failure   Level
 Sandblast                Erth           4%         2d4       58%         1
 Apportation              Tloc           2%         N/A       67%         1
 Beastly Appendage        Tmut           2%         N/A       71%         1
 Sting                    Tmut/Pois      4%         1d3       71%         1
 Foxfire                  Conj/Fire      4%         2x1d4     73%         1
 Kiss of Death            Conj/Necr      4%         2d5       73%         1
 Magic Dart               Conj           4%         1d3       73%         1
 Necrotise                Necr           4%         1d4       73%         1
 Shock                    Conj/Air       4%         1d3       73%         1
 Slow                     Hex            4%         N/A       73%         1
 Passwall                 Tmut/Erth      1%         N/A       78%         2
 Blink                    Tloc           2%         N/A       82%         2
 Lesser Beckoning         Tloc           2%         N/A       82%         2
 Momentum Strike          Conj/Tloc      2%         3d8       83%         2
 Wereblood                Tmut           1%         N/A       83%         2
 Cigotuvi's Dreadful Rot  Necr/Pois/Air  2%         N/A       85%         2
 Ensorcelled Hibernation  Hex/Ice        2%         N/A       85%         2
 Poisonous Vapours        Pois/Air       2%         N/A       85%         2
 Searing Ray              Conj           2%         2d4       86%         2
 Static Discharge         Conj/Air       2%         2-3/arc   86%         2
 Sublimation of Blood     Necr           1%         N/A       86%         2
 Stone Arrow              Conj/Erth      4%         3d7       95%         3
 Gell's Gravitas          Tloc           1%         N/A       96%         3
 Teleport Other           Tloc           1%         N/A       96%         3
 Vhi's Electric Charge    Tloc/Air       2%         N/A       96%         3
 Ignite Poison            Fire/Tmut/Pois 1%         N/A       97%         3
 Ozocubu's Armour         Ice            1%         N/A       97%         3
 Portal Projectile        Hex/Tloc       2%         N/A       97%         3
 Spider Form              Tmut/Pois      1%         N/A       97%         3
 Swiftness                Air            1%         N/A       97%         3
 Volatile Blastmotes      Fire/Tloc      2%         2d10      97%         3
 Confusing Touch          Hex            1%         N/A       98%         3
 Dazzling Flash           Conj/Hex       2%         N/A       98%         3
 Inner Flame              Hex/Fire       1%         N/A       98%         3
 Vampiric Draining        Necr           1%         2d6       98%         3
 Anguish                  Hex/Necr       0%         N/A       100%        4
 Cause Fear               Hex            0%         N/A       100%        4
 Dispel Undead            Necr           1%         3d6       100%        4
 Fulminant Prism          Conj/Hex       0%         3d5       100%        4
 Iskenderun's Mystic Bla  Conj/Tloc      1%         2d3       100%        4
 Leda's Liquefaction      Hex/Erth       1%         N/A       100%        4
 Manifold Assault         Tloc           1%         N/A       100%        4
 Olgreb's Toxic Radiance  Pois           1%         N/A       100%        4
 Passage of Golubria      Tloc           1%         N/A       100%        4
 Petrify                  Tmut/Erth      2%         N/A       100%        4
 Agony                    Necr           1%         N/A       100%        5
 Alistair's Intoxication  Tmut/Pois      0%         N/A       100%        5
 Arcjolt                  Conj/Air       0%         1d10      100%        5
 Blade Hands              Tmut           0%         N/A       100%        5
 Borgnjor's Vile Clutch   Necr/Erth      1%         N/A       100%        5
 Fireball                 Conj/Fire      0%         3d3       100%        5
 Freezing Cloud           Conj/Ice/Air   0%         6-21      100%        5
 Irradiate                Conj/Tmut      0%         3d11      100%        5
 Iskenderun's Battlesphe  Conj           1%         2d6       100%        5
 Lee's Rapid Deconstruct  Erth           1%         3d4*      100%        5
 Metabolic Englaciation   Hex/Ice        0%         N/A       100%        5
 Silence                  Hex/Air        0%         N/A       100%        5
 Yara's Violent Unravell  Hex/Tmut       0%         3d3       100%        5
 Conjure Ball Lightning   Conj/Air       0%         3x3d6     100%        6
 Dispersal                Tloc           0%         N/A       100%        6
 Eringya's Noxious Bog    Tmut/Pois      0%         N/A       100%        6
 Iron Shot                Conj/Erth      1%         9d1       100%        6
 Plasma Beam              Fire/Air       0%         2x1d11    100%        6
 Starburst                Conj/Fire      0%         6d3       100%        6
 Statue Form              Tmut/Erth      1%         N/A       100%        6
 Dragon Form              Tmut           0%         N/A       100%        7
 Enfeeble                 Hex            0%         N/A       100%        7
 Orb of Destruction       Conj           0%         9d5       100%        7
 Ozocubu's Refrigeration  Ice            0%         4d7       100%        7
 Storm Form               Tmut/Air       0%         N/A       100%        7
 Discord                  Hex            0%         N/A       100%        8
 Disjunction              Tloc           0%         N/A       100%        8
 Ignition                 Fire           0%         3d3       100%        8
 Lehudib's Crystal Spear  Conj/Erth      1%         10d2      100%        8
 Maxwell's Capacitive Co  Air            0%         ∞         100%        8
 Necromutation            Tmut/Necr      0%         N/A       100%        8
 Chain Lightning          Conj/Air       0%         2d1       100%        9
 Summon Small Mammal      Summ           Unusable   N/A       N/A         1
 Tukima's Dance           Hex            Unusable   N/A       N/A         3
 Animate Armour           Summ/Erth      Unusable   N/A       N/A         4
 Animate Dead             Necr           Unusable   N/A       N/A         4
 Summon Ice Beast         Ice/Summ       Unusable   N/A       N/A         4
 Summon Lightning Spire   Summ/Air       Unusable   N/A       N/A         4
 Summon Forest            Summ/Tloc      Unusable   N/A       N/A         5
 Death Channel            Necr           Unusable   N/A       N/A         6
 Simulacrum               Ice/Necr       Unusable   N/A       N/A         6
 Summon Hydra             Summ           Unusable   N/A       N/A         7

Dungeon Overview and Level Annotations

Branches:
Dungeon (15/15)            Temple (1/1) D:4            Lair (5/5) D:11
  Swamp (4/4) Lair:2        Snake (4/4) Lair:3        Slime (5/5) Lair:5
    Orc (2/2) D:10            Elf (3/3) Orc:2        Vaults (5/5) D:13
  Crypt (3/3) Vaults:2       Tomb (0/3) Crypt:3      Depths (4/4) D:15
    Zot (2/5) Depths:4      Sewer (visited)          Bailey (visited)
  IceCv (visited)          WizLab (visited)         Gauntlet (visited)

Altars:
Ashenzari
Elyvilon
Fedhas
Gozag
Hepliaklqana
Nemelex Xobeh
Okawaru
Qazlal
Ru
Wu Jian
Xom
Yredelemnul
Zin
The Shining One
Jiyva

Shops:
D:10 *   D:12 :*!   D:13 :   Orc:2 ?=*(   Elf:1 !:!*   Elf:3 *   Snake:2 !
Vaults:1 [   Depths:4 (((

Portals:
Hell: Depths:1 Depths:2 Depths:3 Depths:4
Abyss: Depths:3 Depths:4
Pandemonium: Depths:2 Depths:4

Annotations:
D:13 Casa
Snake:1 1 runed translucent door
Elf:2 3 runed translucent doors


Innate Abilities, Weirdness & Mutations

You have a pair of horns on your head.
You reflexively headbutt those who attack you in melee.
You have very sharp fingernails.
You sometimes lose your temper in combat.
Your spells are a little easier to cast, but a little less powerful.
You passively dampen the noise of your surroundings.


Message History

You feel sick.
You block the spectral caustic shrike's attack.
Unknown command.
You hit the Tzitzimitl. You burn the Tzitzimitl. You headbutt the Tzitzimitl!
The Tzitzimitl is moderately wounded.
You are engulfed in dark miasma.
* * * LOW HITPOINT WARNING * * *
You feel sick.
You block the spectral caustic shrike's attack.
The Tzitzimitl gestures at you. The bolt of negative energy misses you.
You block the tainted leviathan's attack. x2
You slash the Tzitzimitl! You burn the Tzitzimitl.
Your headbutt misses the Tzitzimitl.
The Tzitzimitl is heavily wounded.
You are engulfed in dark miasma.
You feel sick.
You block the spectral caustic shrike's attack.
Unknown command.
You closely miss the Tzitzimitl.
You headbutt the Tzitzimitl, but do no damage.
The Tzitzimitl is heavily wounded.
You are engulfed in dark miasma.
You feel yourself slow down.
* * * LOW HITPOINT WARNING * * *
You feel sick.
You block the spectral caustic shrike's attack.
The Tzitzimitl engulfs you!
* * * LOW HITPOINT WARNING * * *
The Tzitzimitl drains your vigour!
You feel as though you will be slow longer.
The Tzitzimitl closely misses you.
You block the tainted leviathan's attack.
The tainted leviathan hits you but does no damage.
You closely miss the Tzitzimitl.
The Tzitzimitl is heavily wounded.
You feel sick.
You block the spectral caustic shrike's attack.
You block the Tzitzimitl's attack.
The Tzitzimitl bites you but does no damage.
The tainted leviathan hits you!!
You die...

#.......▓
☼○°............▓
.°☼............▓
○C○...........∩▓
.☼°............▓
..☼............▓
.....###...○°..▓
.....#.#.†.☼C1.▓
...°°#.....°Z@.▓
...°.°..▓▓▓▓▓▓▓▓
....°.°.▓
........▓
........▓
▓▓▓▓▓▓▓▓▓


You could see a tainted leviathan (unsilenced), a Tzitzimitl (unsilenced) and a
spectral caustic shrike.

Vanquished Creatures
  the Royal Jelly (Slime:5)
  6 dread liches
  The ghost of reasonance the Conqueror, a legendary DsFi of Jiyva (Zot:1)
  Tiamat (Zot:2)
  The ghost of Beclu the Imperceptible, a legendary GnSk of Dithmenos (Zot:1)
  An orb of fire (Zot:1)
  Mennas (Vaults:4)
  The ghost of Flapstick the Slayer, a legendary HaBe of Trog (Zot:1)
  Josephina (Depths:2)
  Sojobo (Vaults:3)
  The ghost of ShutUppercut the Conqueror, a legendary DsGl of Qazlal (Zot:1)
  Boris (thrice) (Vaults:2 Depths:1 Crypt:3)
  The ghost of Icycared the Slayer, a master GrFi of Okawaru (Zot:2)
  The ghost of Alunk the Bludgeoner, a legendary GnFi of Cheibriados (Zot:1)
  Vashnia (Snake:4)
  The ghost of Emnejil the Slayer, a master VSBe of Trog (Zot:2)
  Saint Roka (Vaults:1)
  2 curse toes
  6 caustic shrikes
  13 golden dragons
  A profane servitor (Zig:7)
  Nikola (Depths:1)
  Jory (Crypt:1)
  7 bone dragons
  A Tzitzimitl (Zot:2)
  A pearl dragon (Depths:3)
  An iron giant (Zig:12)
  9 tentacled monstrosities
  An electric golem (Zot:2)
  A doom hound (Zig:14)
  Mlioglotl (Swamp:2)
  A walking crystal tome (Depths:2)
  Zenata (Vaults:4)
  2 walking earthen tomes
  9 liches
  5 deep elf blademasters
  5 Hell Sentinels
  5 quicksilver dragons
  4 titans
  The ghost of Decrayps the Ninja, a veteran FeEn of Elyvilon (Zot:1)
  The ghost of Yklao the Ninja, a veteran FeEn of Elyvilon (Zot:2)
  9 sphinxes
  24 acid blobs
  4 death cobs
  2 deep elf master archers (Elf:3)
  2 tentacled starspawn
  10 ancient champions
  2 thorn hunters
  7 draconian monks
  12 shadow dragons
  9 tengu reavers
  2 revenants (Zig:13)
  2 fenstrider witches (Swamp:3)
  13 storm dragons
  7 nagarajas
  13 rockslimes
  10 azure jellies
  8 draconian knights
  Aizul (Snake:2)
  12 fire giants
  8 frost giants
  11 deep elf sorcerers
  15 vault wardens
  2 ghost moths
  A quicksilver elemental (Zig:12)
  5 curse skulls
  8 ghouls
  3 iron dragons
  Louise (Depths:3)
  5 orc warlords
  8 draconian scorchers
  5 draconian shifters
  2 reapers
  7 deep elf elementalists
  5 war gargoyles
  16 quicksilver oozes
  20 very ugly things
  3 draconian stormcallers
  17 ironbound preservers
  27 stone giants
  3 spriggan defenders
  An ophan (Depths:3)
  3 demonspawn corrupters (WizLab)
  5 draconian annihilators
  A caustic shrike skeleton (Crypt:3)
  8 ironbound thunderhulks
  An apis (Depths:3)
  6 black draconians
  11 deep elf demonologists
  6 eleionomae
  6 vampire knights
  A putrid mouth (Zig:14)
  14 green draconians
  8 spark wasps
  6 deep elf annihilators
  A minotaur (Gauntlet)
  10 white draconians
  5 bunyips
  4 dire elephants (Vaults:4)
  5 purple draconians (Zot:1)
  17 yellow draconians
  8 red draconians
  A crystal guardian (Vaults:4)
  2 merfolk javelineers
  3 iron golems (Zig:12)
  2 shambling mangroves
  The ghost of Fuxod the Fighter, a journeyman GnWn of Xom (Lair:3)
  10 deep elf death magi
  A fire dragon (shapeshifter) (Zig:10)
  7 ettins
  6 eidola
  An ettin (shapeshifter) (Vaults:4)
  13 jiangshi
  4 rakshasas
  A spectral spriggan (Zig:14)
  15 fire dragons
  11 deep elf high priests
  18 yaktaur captains
  2 spriggan zombies
  4 entropy weavers
  24 great orbs of eyes
  20 hydras
  A caustic shrike simulacrum (Depths:3)
  16 ice dragons
  3 quicksilver dragon skeletons (Crypt:3)
  The ghost of raetorn the Cardsharp, a journeyman AtFi of Nemelex Xobeh (Lair:1)
  2 peacekeepers (Vaults:4)
  3 spriggan skeletons (Crypt:3)
  40 vault guards
  2 catoblepae (D:12)
  A radroach (shapeshifter) (Depths:2)
  6 ogre magi
  A merfolk aquamancer (WizLab)
  11 centaur warriors
  6 spriggan air magi
  7 anacondas
  18 two-headed ogres
  17 dancing weapons
  4 alligators
  13 ironbound frosthearts
  12 deep troll shamans
  3 death knights
  4 boulder beetles
  2 satyrs (Abyss:3)
  13 naga warriors
  A thrashing horror (Abyss:2)
  A death scarab (Zig:2)
  11 deep troll earth magi
  5 tengu warriors
  18 vampire magi
  16 naga sharpshooters
  The ghost of LaMa the Frost Mage, a novice DrIE of Makhleb (D:9)
  12 shock serpents
  A hell knight (Vaults:4)
  A storm dragon zombie (Crypt:1)
  10 deep elf knights
  11 spriggan berserkers
  A titan skeleton (Depths:2)
  Sonja (Lair:1)
  3 crystal echidnas (Zig:12)
  A wretched star (Abyss:2)
  5 goliath frogs
  65 skeletal warriors
  8 iron trolls
  5 salamander mystics
  5 soul eaters
  2 skysharks
  A sixfirhy (Abyss:2)
  9 spriggan druids
  2 shadow wraiths (Zig:13)
  A death drake (Swamp:3)
  A spatial maelstrom (Abyss:2)
  57 deep trolls
  15 swamp dragons
  10 flayed ghosts
  2 bunyip skeletons (Crypt:3)
  18 deep elf archers
  A spriggan simulacrum (Depths:3)
  A lindwurm (shapeshifter) (Zig:8)
  9 naga ritualists
  2 golden dragon skeletons
  5 glowing orange brains
  16 wizards
  Pikel (D:5)
  17 phantasmal warriors
  10 bog bodies
  An iron giant skeleton (Crypt:3)
  21 ironbound convokers
  9 lindwurms
  2 orange crystal statues (IceCv)
  36 deep elf pyromancers
  12 orc knights
  The ghost of Prepator the Basher, a novice MiFi of the Shining One (D:6)
  6 necromancers
  3 orc sorcerers
  25 deep elf zephyrmancers
  10 harpies
  A wolf spider (shapeshifter) (Zig:8)
  7 mana vipers
  4 will-o-the-wisps
  31 ugly things
  2 manticores (D:12)
  2 frost giant zombies
  An iron dragon skeleton (Crypt:3)
  3 oklob plants
  A wolf spider (D:13)
  2 shining eyes
  3 cyclopes
  7 elephants
  A faun (shapeshifter) (Vaults:5)
  8 worldbinders
  A black mamba (shapeshifter) (Elf:3)
  15 moths of wrath
  A stone giant skeleton (Crypt:2)
  21 salamanders
  31 black mambas
  A moth of wrath (shapeshifter) (D:13)
  2 water nymphs (Abyss:3)
  Joseph (D:8)
  2 smoke demons
  9 vault sentinels
  Maurice (Orc:2)
  9 apocalypse crabs (Depths:1)
  4 eyes of devastation
  18 cane toads
  14 naga magi
  6 guardian serpents
  An orange demon (Abyss:2)
  2 gargoyles (D:12)
  Maggie (D:8)
  2 dire elephant skeletons (Crypt:3)
  4 rime drakes
  28 yaktaurs
  9 freezing wraiths
  A tormentor (Zig:14)
  3 tengu conjurers
  2 efreet
  An orb spider zombie (Crypt:1)
  An alligator snapping turtle skeleton (Crypt:3)
  9 komodo dragons
  An ancient zyme (Abyss:2)
  An anaconda simulacrum (IceCv)
  3 golden dragon simulacra
  A black draconian skeleton (Crypt:1)
  An ice devil (Abyss:2)
  5 guardian mummies
  4 meliai
  2 polar bears
  A red devil (Depths:2)
  5 trolls
  A queen bee (Lair:1)
  2 hellwings (Abyss:2)
  2 harpy skeletons (Crypt:3)
  A tengu simulacrum (Depths:3)
  A sphinx simulacrum (Depths:3)
  10 tyrant leeches
  12 blink frogs
  18 hornets
  A deep troll zombie (Vaults:4)
  A great orb of eyes zombie (Crypt:2)
  A raiju (shapeshifter) (D:13)
  6 dream sheep (Lair:4)
  A death drake skeleton (Crypt:2)
  94 slime creatures
  Sigmund (D:5)
  A frost giant simulacrum (Depths:3)
  2 centaur simulacra
  An ettin skeleton (Crypt:1)
  A slime creature (shapeshifter) (Depths:2)
  14 spriggans
  5 shadows (Gauntlet)
  3 air elementals
  2 vampires
  6 large abominations
  24 flying skulls
  5 wyverns
  51 yaks
  8 water elementals
  11 wraiths
  3 fire elementals (Elf:3)
  A hog (shapeshifter) (Vaults:4)
  Grum (D:8)
  28 golden eyes
  2 dire elephant simulacra (IceCv)
  A neqoxec (Zig:7)
  Menkaure (D:7)
  A steam dragon (D:6)
  2 redbacks (Vaults:4)
  53 nagas
  A water nymph zombie (Crypt:1)
  25 vampire mosquitoes
  A harpy simulacrum (IceCv)
  12 swamp worms
  13 water moccasins
  6 wargs
  Duvessa (D:6)
  5 acid dragons
  4 floating eyes
  A merfolk skeleton (Crypt:1)
  10 swamp drakes (Swamp:4)
  A deep troll skeleton (Crypt:2)
  4 hydra simulacra (IceCv)
  8 ice beasts
  A naga skeleton (Crypt:3)
  5 black bears
  4 alligator simulacra (IceCv)
  24 orc warriors
  A lindwurm zombie (Crypt:3)
  A sky beast (D:7)
  5 boggarts
  30 ogres
  3 ettin simulacra (IceCv)
  14 centaurs
  11 wolves
  A human skeleton (Vaults:4)
  A snapping turtle skeleton (Crypt:1)
  A vine stalker zombie (Crypt:1)
  14 kobold brigands
  14 bullfrogs
  3 necrophages
  A scorpion (D:5)
  2 earth elementals
  4 wights (D:4)
  2 warg zombies
  A wyvern skeleton (Crypt:2)
  Dowan (D:6)
  A cyclops skeleton (Crypt:2)
  7 killer bees (Lair:1)
  A warg skeleton (Crypt:2)
  A lindwurm simulacrum (IceCv)
  A raiju skeleton (Crypt:1)
  A troll skeleton (Crypt:1)
  6 electric eels
  4 howler monkeys
  A lava snake (D:7)
  A small abomination (Abyss:2)
  A crimson imp (Abyss:2)
  32 jellies
  A black bear zombie (Crypt:3)
  4 hounds
  12 orc priests
  2 gnoll boudas
  Ijyb (D:4)
  6 iguanas
  10 orc wizards
  Terence (D:2)
  A naga zombie (Crypt:3)
  12 mummies (Crypt:3)
  15 gnolls
  7 adders
  A shadow imp (D:6)
  A steam dragon skeleton (Crypt:2)
  3 white imps
  3 ufetubi (Abyss:2)
  A worm zombie (Crypt:2)
  A lava snake skeleton (Crypt:2)
  A dart slug (D:5)
  2 worms
  84 orcs
  5 bats
  A bat skeleton (Crypt:2)
  11 endoplasms
  9 giant cockroaches
  35 goblins
  26 hobgoblins
  10 jackals
  38 kobolds
  8 quokkas
  15 ball pythons
  5 frilled lizards
  A quokka skeleton (Crypt:3)
  7 rats
  A butterfly (Lair:4)
2682 creatures vanquished.

Vanquished Creatures (others)
  A golden dragon (Zot:1)
  A demonspawn corrupter (Zig:7)
  A vampire knight (Depths:2)
  A tengu warrior (Depths:1)
  A thrashing horror (Zig:7)
  A dancing weapon (Vaults:5)
  A deep elf knight (Elf:3)
  A salamander mystic (Snake:4)
  A deep elf zephyrmancer (Elf:3)
  A phantasmal warrior (Depths:2)
  A smoke demon (Zig:7)
  A hellwing (Zig:7)
  3 bloated husks
  2 spriggans (Swamp:1)
  An acid dragon (Zot:2)
  A swamp worm (Swamp:4)
  A floating eye (Depths:2)
  A boggart (Vaults:2)
  3 jellies (Zot:2)
  A quokka (D:4)
  18 foxfires
  4 starspawn tentacles (Zig:7)
47 creatures vanquished.

Grand Total: 2729 creatures vanquished

Notes
Turn   | Place    | Note
-------+----------+-------------------------------------------
     0 | D:1      | Peloso the Minotaur Fighter began the quest for the Orb.
     0 | D:1      | Reached XP level 1. HP: 19/19 MP: 0/0
   108 | D:1      | Reached XP level 2. HP: 24/27 MP: 1/1
   870 | D:2      | Reached XP level 3. HP: 33/33 MP: 2/2
  1050 | D:2      | Noticed Terence
  1057 | D:2      | Killed Terence
  1157 | D:2      | Reached XP level 4. HP: 40/40 MP: 3/3
  1675 | D:3      | Reached skill level 1 in Dodging
  1990 | D:3      | Reached XP level 5. HP: 46/46 MP: 4/4
  2535 | D:4      | Found a glowing drain.
  2585 | Sewer    | Entered a sewer
  2663 | Sewer    | Reached XP level 6. HP: 46/53 MP: 5/5
  2669 | Sewer    | Reached skill level 5 in Long Blades
  2669 | Sewer    | Reached skill level 5 in Armour
  2832 | Sewer    | Reached skill level 5 in Shields
  3069 | D:4      | Reached XP level 7. HP: 17/58 MP: 6/6
  3292 | D:4      | Reached skill level 5 in Fighting
  3651 | D:4      | Found a staircase to the Ecumenical Temple.
  3651 | D:4      | Noticed Ijyb
  3660 | D:4      | Killed Ijyb
  3673 | Temple   | Entered the Ecumenical Temple
  3689 | Temple   | Became a worshipper of Warmaster Okawaru
  4052 | D:5      | Entered Level 5 of the Dungeon
  4168 | D:5      | Reached XP level 8. HP: 64/69 MP: 7/7
  4382 | D:5      | Noticed Pikel
  4403 | D:5      | Killed Pikel
  4403 | D:5      | Reached * piety under Okawaru
  5010 | D:5      | Noticed Sigmund
  5017 | D:5      | Killed Sigmund
  5073 | D:5      | Reached XP level 9. HP: 66/78 MP: 8/8
  5884 | D:6      | Reached skill level 10 in Long Blades
  5901 | D:6      | Reached ** piety under Okawaru
  6077 | D:5      | Found a sparkling altar of Nemelex Xobeh.
  6233 | D:6      | Noticed Duvessa
  6237 | D:6      | Noticed Dowan
  6251 | D:6      | Killed Duvessa
  6263 | D:6      | Killed Dowan
  6567 | D:6      | Found a runed translucent gate.
  6567 | D:6      | Found a runed translucent gate.
  6568 | D:6      | Found a runed translucent gate.
  6570 | D:6      | Noticed Prepator's ghost (novice MiFi)
  6806 | D:7      | Reached *** piety under Okawaru
  7108 | D:7      | Noticed Menkaure
  7121 | D:7      | Killed Menkaure
  7228 | D:7      | Reached XP level 10. HP: 89/89 MP: 9/9
  7306 | D:7      | Found an ornate altar of the Wu Jian Council.
  7536 | D:7      | Found a shimmering altar of Xom.
  7730 | D:8      | Noticed Grum
  7755 | D:8      | Killed Grum
  7835 | D:8      | Noticed Joseph
  7846 | D:8      | Killed Joseph
  7898 | D:8      | Noticed Maggie
  7899 | D:8      | Found a flagged portal.
  7925 | D:8      | Killed Maggie
  7925 | D:8      | Reached **** piety under Okawaru
  8140 | Bailey   | Entered a bailey
  8357 | Bailey   | Noticed an orc knight
  8738 | Bailey   | Killed an orc knight
  8801 | Bailey   | Received a gift from Okawaru
  9591 | Bailey   | Identified a scroll of acquirement
  9655 | D:8      | Reached skill level 10 in Armour
 10033 | D:9      | Found a broken altar of Ashenzari.
 10122 | D:9      | Found an opulent altar of Gozag.
 10272 | D:9      | Reached skill level 10 in Fighting
 10304 | D:9      | Reached XP level 11. HP: 99/99 MP: 10/10
 10416 | D:9      | Found a blossoming altar of Fedhas.
 10562 | D:9      | Found a runed translucent gate.
 10563 | D:9      | Found a runed translucent gate.
 10564 | D:9      | Found a runed translucent gate.
 10565 | D:9      | Noticed LaMa's ghost (novice DrIE)
 10592 | D:9      | Found a viscous altar of Jiyva.
 10863 | D:10     | Entered Level 10 of the Dungeon
 11083 | D:10     | Reached ***** piety under Okawaru
 11094 | D:10     | Noticed a two-headed ogre
 11105 | D:10     | Killed a two-headed ogre
 11135 | D:10     | Found Axoyhaj's Neck Hole.
 11165 | D:10     | Found a sacrificial altar of Ru.
 11345 | D:10     | Found a staircase to the Orcish Mines.
 11603 | D:11     | Noticed a two-headed ogre
 11614 | D:11     | Killed a two-headed ogre
 11614 | D:11     | Received a gift from Okawaru
 12110 | D:11     | Found a staircase to the Lair.
 12504 | D:11     | Noticed a four-headed hydra
 12529 | D:11     | Killed a four-headed hydra
 12912 | D:11     | Noticed a two-headed ogre
 12925 | D:11     | Killed a two-headed ogre
 13088 | D:11     | Identified the +9 quarterstaff of Isaxzemmooh {chaos, rElec
                  | rC+ Will++ Int+3}
 13283 | Lair:1   | Entered Level 1 of the Lair of Beasts
 13336 | Lair:1   | Reached XP level 12. HP: 111/111 MP: 11/11
 13339 | Lair:1   | Reached skill level 1 in Maces & Flails
 13413 | Lair:1   | Noticed raetorn's ghost (journeyman AtFi)
 13429 | Lair:1   | Found a transporter.
 13434 | Lair:1   | Found a transporter.
 13583 | Lair:1   | Reached skill level 10 in Shields
 13670 | Lair:1   | Noticed Sonja
 13679 | Abyss:2  | Found a corrupted altar of Lugonu.
 13679 | Abyss:2  | Cast into level 2 of the Abyss (Sonja)
 13704 | Abyss:2  | Noticed a starcursed mass
 13716 | Lair:1   | Escaped the Abyss
 13724 | Lair:1   | Reached skill level 1 in Invocations
 13724 | Lair:1   | Killed Sonja
 13724 | Lair:1   | Received a gift from Okawaru
 13993 | Lair:1   | Reached skill level 1 in Evocations
 14352 | Lair:2   | Identified the +2 ring mail of Okawaru's Delight {Harm rC+
                  | Dex-5} (Okawaru gifted it to you on level 2 of the Lair of
                  | Beasts)
 14352 | Lair:2   | Received a gift from Okawaru
 14910 | Lair:2   | Reached skill level 15 in Long Blades
 15220 | Lair:2   | Found a staircase to the Swamp.
 15860 | Lair:3   | Found a staircase to the Snake Pit.
 16353 | Lair:3   | Found a runed translucent gate.
 16353 | Lair:3   | Found a runed translucent gate.
 16353 | Lair:3   | Found a runed translucent gate.
 16355 | Lair:3   | Noticed Fuxod's ghost (journeyman GnWn)
 16416 | Lair:3   | Reached XP level 13. HP: 104/122 MP: 11/13
 17253 | D:12     | Found a gate leading to a gauntlet.
 17268 | Gauntlet | Entered a Gauntlet
 17268 | Gauntlet | Found a transporter.
 17277 | Gauntlet | Found a transporter.
 17279 | Gauntlet | Found a transporter.
 17279 | Gauntlet | Found a transporter.
 17282 | Gauntlet | Found a transporter.
 17283 | Gauntlet | Found a transporter.
 17296 | Gauntlet | Found a transporter.
 17315 | Gauntlet | Found a transporter.
 17328 | Gauntlet | Found a transporter.
 17328 | Gauntlet | Found a transporter.
 17331 | Gauntlet | Found a transporter.
 17396 | Gauntlet | Found a transporter.
 17568 | Gauntlet | Identified the amulet "Siboalli" {Spirit MP+9 Dex+6}
 17829 | Gauntlet | Identified the +1 hat of Free Expression {Rampage rElec
                  | MP-9 Dex+6}
 17849 | Gauntlet | Noticed a minotaur
 17866 | Gauntlet | Killed a minotaur
 18042 | D:12     | Found Tocucit's Distillery.
 18190 | D:12     | Received a gift from Okawaru
 18871 | D:12     | Found Kaitemua's Assorted Antiques.
 18889 | D:12     | Found Gefiq's Book Boutique.
 19662 | Orc:1    | Entered Level 1 of the Orcish Mines
 19894 | Orc:2    | Entered Level 2 of the Orcish Mines
 19894 | Orc:2    | Found a staircase to the Elven Halls.
 20044 | Orc:2    | Noticed Maurice
 20055 | Orc:2    | Killed Maurice
 20062 | Orc:2    | Noticed an orc warlord
 20135 | Orc:1    | Killed an orc warlord
 20454 | Orc:1    | Received a gift from Okawaru
 21016 | Orc:1    | Reached XP level 14. HP: 130/133 MP: 11/14
 21343 | Orc:2    | Received a gift from Okawaru
 21569 | Orc:2    | Found Qahoh's Jewellery Boutique.
 21569 | Orc:2    | Found Cuptano's Weapon Emporium.
 21569 | Orc:2    | Found Hoymur's Magic Scroll Shoppe.
 21569 | Orc:2    | Found Fonkiut's General Store.
 22086 | Orc:1    | Noticed an orc warlord
 22148 | Orc:2    | Killed an orc warlord
 22149 | Orc:2    | Reached skill level 15 in Armour
 22149 | Orc:2    | Reached skill level 15 in Shields
 22703 | D:13     | Reached skill level 15 in Fighting
 22761 | D:13     | Found a gate to the Vaults.
 23493 | D:13     | Found Ypuf's Self-Improvement Boutique.
 24047 | D:6      | Killed Prepator's ghost
 25726 | Lair:5   | Entered Level 5 of the Lair of Beasts
 25780 | Lair:5   | Identified the +0 hat "Loppinum" {rElec Slay+5} (Okawaru
                  | gifted it to you on level 5 of the Lair of Beasts)
 25780 | Lair:5   | Received a gift from Okawaru
 26131 | Lair:5   | Identified the +1 ring mail of Xom's Righteous Anger {Int+2
                  | SInv}
 26355 | Lair:5   | Reached XP level 15. HP: 105/141 MP: 13/15
 26638 | Lair:5   | Found a viscous altar of Jiyva.
 26638 | Lair:5   | Found a staircase to the Slime Pits.
 27061 | Lair:5   | Found the +1 cloak of Starlight {*Dazzle EV+4 Stlth--}
 27080 | Lair:5   | Identified the +6 dagger of True Grit {freeze, +Blink rPois
                  | rN+}
 28759 | D:15     | Entered Level 15 of the Dungeon
 28992 | D:15     | Found a staircase to the Depths.
 29180 | D:15     | Received a gift from Okawaru
 29482 | D:15     | Reached ****** piety under Okawaru
 29482 | D:15     | Received a gift from Okawaru
 30872 | D:9      | Killed LaMa's ghost
 31118 | Lair:1   | Killed raetorn's ghost
 31309 | Lair:3   | Killed Fuxod's ghost
 31373 | Snake:1  | Entered Level 1 of the Snake Pit
 31900 | Snake:1  | Found a shimmering altar of Xom.
 32105 | Snake:1  | Found a runed translucent door.
 32781 | Snake:1  | Received a gift from Okawaru
 33078 | Elf:1    | Entered Level 1 of the Elven Halls
 33185 | Elf:1    | Reached XP level 16. HP: 152/152 MP: 16/16
 33300 | Elf:1    | Found Paorchoo's General Store.
 33303 | Elf:1    | Found Finilli's Distillery.
 33303 | Elf:1    | Found Weqiyxt's Book Emporium.
 33308 | Elf:1    | Found Lanwouz's Distillery.
 34327 | Elf:1    | Reached skill level 1 in Stealth
 34379 | Elf:1    | Received a gift from Okawaru
 34621 | Elf:2    | Paralysed by an air elemental for 1 turns
 35364 | Elf:2    | Identified the +1 robe of Geetuith {-Cast Fly Regen+}
                  | (Okawaru gifted it to you on level 2 of the Elven Halls)
 35364 | Elf:2    | Received a gift from Okawaru
 35900 | Elf:2    | Found a runed translucent gate.
 35901 | Elf:2    | Found a runed translucent gate.
 35904 | Elf:2    | Found a runed translucent gate.
 36428 | Snake:2  | Found a frozen archway.
 36437 | IceCv    | Entered an ice cave
 36950 | IceCv    | Acquired 1011 gold pieces
 37054 | IceCv    | Acquired a +0 double sword of holy wrath
 37484 | Elf:3    | Entered Level 3 of the Elven Halls
 37832 | Elf:3    | Paralysed by an air elemental for 1 turns
 37836 | Elf:3    | Paralysed by an air elemental for 1 turns
 37843 | Elf:3    | Paralysed by an air elemental for 1 turns
 38025 | Elf:3    | Found Fesij's Assorted Antiques.
 38030 | Elf:3    | Identified the +3 chain mail of Trumpets {rElec Will+
                  | Regen+ Slay-5} (Okawaru gifted it to you on level 3 of the
                  | Elven Halls)
 38030 | Elf:3    | Received a gift from Okawaru
 38081 | Elf:3    | Reached XP level 17. HP: 145/163 MP: 18/18
 38527 | Snake:2  | Noticed Aizul
 38544 | Snake:2  | Killed Aizul
 39082 | Snake:2  | Found Xaemea Guedgh's Distillery.
 40262 | Swamp:1  | Entered Level 1 of the Swamp
 40627 | Swamp:1  | HP: 6/163 [swamp worm/harpoon shot[a spriggan druid] (3)]
 41473 | Swamp:1  | Identified the +2 ring mail "Hoesu" {rElec rF+}
 41750 | Swamp:2  | Noticed Mlioglotl
 41819 | Swamp:2  | Killed Mlioglotl
 43512 | Elf:3    | Identified the +2 robe "Tifof" {Rampage rN+ Str-5} (Okawaru
                  | gifted it to you on level 3 of the Elven Halls)
 43512 | Elf:3    | Received a gift from Okawaru
 43552 | Elf:3    | Noticed a deep elf blademaster
 43592 | Elf:2    | Killed a deep elf blademaster
 44272 | Elf:3    | Identified the +1 robe of the Bells {rPois}
 44410 | Elf:3    | Identified the +3 chain mail of Beckuk {Will+}
 44421 | Elf:3    | Identified the +5 ring mail "Raisypt" {rPois rN++ MP+9
                  | Dex-5}
 44421 | Elf:3    | Noticed a deep elf master archer
 44454 | Elf:3    | Killed a deep elf master archer
 44763 | Elf:3    | Identified the +7 rapier "Eviscerator" {elec, Str+3 Int-5}
 44770 | Elf:3    | Noticed a Hell Sentinel
 45844 | Elf:3    | Identified the ring "Itsimio" {Ice Will++ Dex+4 Stlth-}
 46187 | Elf:3    | Identified the +11 dagger of Sompa {venom, rC+ Str+2 SInv}
 46315 | Elf:3    | Noticed an Ice Fiend
 46643 | Elf:3    | Reached XP level 18. HP: 128/174 MP: 19/19
 47277 | Elf:3    | Identified the +8 tower shield "Limogyth" {rF- Int+5}
                  | (Okawaru gifted it to you on level 3 of the Elven Halls)
 47277 | Elf:3    | Received a gift from Okawaru
 48017 | Elf:3    | Noticed a Tzitzimitl
 48093 | Elf:3    | Got Sif Muna's Spellbook of the Aerial Map
 48232 | Elf:3    | Identified the staff of air "Zynar" {rElec rF++ Int-3 Dex+3
                  | SInv}
 48234 | Elf:3    | Identified the staff of air "Ronti" {+Blink rElec}
 49426 | D:12     | Bought a potion of heal wounds for 60 gold pieces
 49426 | D:12     | Bought a potion of haste for 120 gold pieces
 49426 | D:12     | Bought a potion of might for 48 gold pieces
 49426 | D:12     | Bought 2 potions of curing for 72 gold pieces
 49587 | Elf:3    | Bought a potion of heal wounds for 195 gold pieces
 49587 | Elf:3    | Bought a potion of curing for 117 gold pieces
 49587 | Elf:3    | Bought a glass ring for 195 gold pieces
 49926 | Swamp:3  | Paralysed by a fenstrider witch for 5 turns
 50992 | Swamp:4  | Entered Level 4 of the Swamp
 52167 | Swamp:4  | Received a gift from Okawaru
 52384 | Swamp:4  | Got a decaying rune of Zot
 54861 | Snake:4  | Entered Level 4 of the Snake Pit
 55053 | Snake:4  | Received a gift from Okawaru
 55064 | Snake:4  | Reached XP level 19. HP: 156/184 MP: 20/20
 56710 | Snake:4  | Noticed Vashnia
 56730 | Snake:4  | Killed Vashnia
 56730 | Snake:4  | Identified the +6 chain mail of the Lair of Beasts {-Tele
                  | Int+4 Slay+4} (Okawaru gifted it to you on level 4 of the
                  | Snake Pit)
 56730 | Snake:4  | Received a gift from Okawaru
 57182 | Snake:4  | Got a serpentine rune of Zot
 57984 | Vaults:1 | Entered Level 1 of the Vaults
 58434 | Vaults:1 | Noticed Saint Roka
 58868 | Vaults:1 | Acquired the ring of Enticsoep {rF++ rCorr Dex+6 Stlth+}
 58872 | Vaults:1 | Acquired the ring of Imny {Fly rElec rPois Will+ Int+5}
 59383 | Vaults:1 | Killed Saint Roka
 60086 | Vaults:1 | Found Darookua's Armour Emporium.
 60328 | Vaults:2 | Noticed Boris
 60346 | Vaults:2 | Killed Boris
 60346 | Vaults:2 | Identified the +3 hat of Xeaful {rC+ Dex+3 SInv} (Okawaru
                  | gifted it to you on level 2 of the Vaults)
 60346 | Vaults:2 | Received a gift from Okawaru
 60358 | Vaults:2 | Found a magical portal.
 60363 | WizLab   | Entered Alistair's Party Mansion
 60461 | WizLab   | Reached XP level 20. HP: 183/195 MP: 21/21
 61135 | WizLab   | Got the Reference Book on Virulence and Transfiguration
 61152 | WizLab   | Got the Secrets of Pollution and Alteration
 61154 | WizLab   | Acquired the +3 double sword of Destiny {flame, rElec rPois
                  | Str+3 Stlth-}
 61306 | WizLab   | Acquired the +2 cloak of the Thief {*Fog Slay-2 SInv
                  | Stlth+}
 61306 | WizLab   | Found the +2 cloak of the Thief {*Fog Slay-2 SInv Stlth+}
 61987 | Vaults:2 | Received a gift from Okawaru
 62402 | Vaults:2 | You are sucked into a shaft and drop 1 floor!
 62730 | Vaults:3 | Noticed Sojobo
 62750 | Vaults:3 | Killed Sojobo
 62756 | Vaults:3 | Identified the +3 sling "Votwun" {drain, rPois rF- rN+
                  | rCorr} (Okawaru gifted it to you on level 3 of the Vaults)
 62756 | Vaults:3 | Received a gift from Okawaru
 63054 | Vaults:2 | Noticed a bone dragon
 63072 | Vaults:2 | Killed a bone dragon
 63104 | Vaults:2 | Found a staircase to the Crypt.
 64937 | Vaults:3 | Reached XP level 21. HP: 188/206 MP: 22/22
 65248 | Vaults:4 | Noticed Mennas
 65262 | Vaults:4 | Killed Mennas
 65262 | Vaults:4 | Received a gift from Okawaru
 65746 | Vaults:4 | Reached skill level 27 in Shields
 65774 | Vaults:4 | Noticed Zenata
 65788 | Vaults:4 | Killed Zenata
 65810 | Vaults:4 | Identified the +5 ice dragon scales of Kosuoxu {Contam
                  | rElec rPois rF- rC++ Will+} (Okawaru gifted it to you on
                  | level 4 of the Vaults)
 65810 | Vaults:4 | Received a gift from Okawaru
 67678 | Vaults:5 | Entered Level 5 of the Vaults
 67943 | Vaults:5 | Noticed a golden dragon
 68274 | Vaults:5 | Noticed a golden dragon
 68275 | Vaults:5 | Noticed a dread lich
 68296 | Vaults:4 | Killed a golden dragon
 68848 | Vaults:4 | Killed a dread lich
 68868 | Vaults:4 | Killed a golden dragon
 69168 | Vaults:5 | Identified the +8 broad axe of Prudence {vamp, Dex+5}
 69168 | Vaults:5 | Noticed a golden dragon
 69876 | Vaults:5 | Identified the +1 fire dragon scales of Midnight {rF++ rC-
                  | Str+2}
 69880 | Vaults:4 | Killed a golden dragon
 70114 | Vaults:4 | Identified the +2 falchion of the Walnut {holy, *Noise
                  | rN+++ Will+} (Okawaru gifted it to you on level 4 of the
                  | Vaults)
 70114 | Vaults:4 | Received a gift from Okawaru
 70706 | Vaults:5 | Identified the ring of Ifuw {rC+ Int+6}
 70713 | Vaults:4 | Reached XP level 22. HP: 197/220 MP: 23/23
 71006 | Abyss:2  | Cast into level 2 of the Abyss (a deep elf demonologist)
 71017 | Abyss:2  | Found a shimmering altar of Xom.
 71017 | Abyss:2  | Found a shimmering altar of Xom.
 71018 | Abyss:2  | Found a shimmering altar of Xom.
 71019 | Abyss:2  | Found a shimmering altar of Xom.
 71019 | Abyss:2  | Found a shimmering altar of Xom.
 71019 | Abyss:2  | Found a shimmering altar of Xom.
 71019 | Abyss:2  | Found a shimmering altar of Xom.
 71020 | Abyss:2  | Found a corrupted altar of Lugonu.
 71020 | Abyss:2  | Found a shimmering altar of Xom.
 71023 | Abyss:2  | Found a shimmering altar of Xom.
 71024 | Abyss:2  | Found a shimmering altar of Xom.
 71024 | Abyss:2  | Found a shimmering altar of Xom.
 71024 | Abyss:2  | Found a shimmering altar of Xom.
 71095 | Abyss:2  | Found a shimmering altar of Xom.
 71096 | Abyss:2  | Found a shimmering altar of Xom.
 71134 | Abyss:2  | Found a shimmering altar of Xom.
 71145 | Abyss:2  | Found a shimmering altar of Xom.
 71154 | Abyss:2  | Found a corrupted altar of Lugonu.
 71213 | Abyss:2  | Found a corrupted altar of Lugonu.
 71487 | Vaults:4 | Escaped the Abyss
 72067 | Vaults:5 | Noticed a dread lich
 72391 | Vaults:4 | Received a gift from Okawaru
 72605 | Vaults:4 | Paralysed by a dread lich for 5 turns
 72611 | Vaults:4 | Killed a dread lich
 74719 | Vaults:5 | Identified the ring "Koumid" {rC+ rN+ rCorr Str+2 SInv}
 75423 | Vaults:5 | Identified the staff of poison "Tikunus" {Fly rElec rPois
                  | rF- Dex+3}
 75427 | Vaults:5 | Got a silver rune of Zot
 75436 | Vaults:5 | Identified the +0 leather armour of Filth {rElec Slay+3}
 75521 | Vaults:5 | Identified the ring of Lorioriph {AC+4 Dex+3}
 75616 | Vaults:5 | Received a gift from Okawaru
 75789 | Vaults:5 | Identified the +0 arbalest "Ynoshrynu" {heavy, rElec rN+
                  | Int+3}
 75804 | Vaults:5 | Identified the ring of Dupn {rC+ Will+ Int+6 Dex+3 Slay+3}
 76078 | Vaults:5 | Got the Atlas of the Altered Icicle
 76614 | Vaults:5 | Acquired 830 gold pieces
 76900 | Depths:1 | Entered Level 1 of the Depths
 76903 | Depths:1 | Noticed Nikola
 76931 | Depths:1 | Killed Nikola
 77108 | Depths:1 | Found a gateway to Hell.
 77355 | Depths:1 | Paralysed by a floating eye for 2 turns
 77361 | Depths:1 | Paralysed by a floating eye for 4 turns
 77375 | Depths:1 | Paralysed by a floating eye for 2 turns
 77720 | Depths:1 | Found a glowing silver altar of Zin.
 77789 | Depths:1 | Identified the +2 robe of the Wizarding Gods {Regen+ MP+9
                  | Stlth+} (Okawaru gifted it to you on level 1 of the Depths)
 77789 | Depths:1 | Received a gift from Okawaru
 78288 | Abyss:2  | Cast into level 2 of the Abyss (an apocalypse crab)
 78461 | Abyss:3  | Reached XP level 23. HP: 128/232 MP: 20/25
 78524 | Depths:1 | Escaped the Abyss
 79242 | Depths:1 | Identified the +1 hand axe "Ytafromuf" {heavy, rF- rCorr
                  | Dex+5 Stlth+}
 79513 | Depths:2 | Paralysed by a floating eye for 3 turns
 79527 | Depths:2 | Noticed Boris
 80467 | Depths:1 | Killed Boris
 81412 | Depths:2 | Found a one-way gateway to a ziggurat.
 81964 | Depths:2 | Found a one-way gate leading to the halls of Pandemonium.
 82222 | Depths:2 | Received a gift from Okawaru
 82950 | Depths:3 | Identified the ring "Touloin" {Ice rN+ Int+2 Dex-2}
 82950 | Depths:3 | Noticed Josephina
 82957 | Depths:2 | Killed Josephina
 84263 | Depths:3 | Found a white marble altar of Elyvilon.
 84353 | Depths:3 | Found a one-way gate to the infinite horrors of the Abyss.
 84354 | Depths:3 | Noticed Louise
 84365 | Depths:3 | Killed Louise
 84386 | Depths:3 | Received a gift from Okawaru
 84796 | Depths:3 | Found a glowing silver altar of Zin.
 84796 | Depths:3 | Found a white marble altar of Elyvilon.
 84796 | Depths:3 | Found a glowing golden altar of the Shining One.
 84901 | Depths:3 | Found an iron altar of Okawaru.
 84951 | Depths:3 | Reached XP level 24. HP: 242/247 MP: 25/25
 85165 | Depths:3 | Found the sphere of Battle
 85239 | Depths:3 | Identified the +9 scimitar "Killer Bee's Curse" {freeze,
                  | Drain rElec rPois rN++}
 85249 | Depths:3 | Identified the +7 sling "Newtslayer" {heavy, rElec rF++ rC-
                  | Str+3}
 85941 | Crypt:1  | Entered Level 1 of the Crypt
 85973 | Vaults:2 | Identified the +5 long sword of Ruotol {elec, rF+ rC+
                  | Int-5} (Okawaru gifted it to you on level 2 of the Vaults)
 85973 | Vaults:2 | Received a gift from Okawaru
 86802 | Crypt:1  | Reached skill level 27 in Fighting
 87720 | Crypt:1  | Noticed Jory
 87743 | Crypt:1  | Killed Jory
 87911 | Crypt:2  | Identified the +11 mace of Agenoin {freeze, Int+6} (Okawaru
                  | gifted it to you on level 2 of the Crypt)
 87911 | Crypt:2  | Received a gift from Okawaru
 88906 | Crypt:3  | Entered Level 3 of the Crypt
 88943 | Crypt:3  | Noticed Boris
 88958 | Crypt:3  | Killed Boris
 89049 | Crypt:3  | Reached skill level 27 in Long Blades
 89108 | Crypt:3  | Found a staircase to the Tomb.
 89702 | Crypt:3  | Identified the scarf "Oveyrgh" {shadows, -Cast Rampage
                  | rElec} (Okawaru gifted it to you on level 3 of the Crypt)
 89702 | Crypt:3  | Received a gift from Okawaru
 89921 | Crypt:3  | Found a basalt altar of Yredelemnul.
 90096 | Crypt:3  | Found the +13 scythe of Curses {drain, curses, Drain}
 90134 | Crypt:3  | Noticed a dread lich
 90149 | Crypt:3  | Killed a dread lich
 90194 | Crypt:3  | Identified the +1 whip of Osaqimot {flame, Drain rN++
                  | Str+2}
 90440 | Crypt:3  | Reached XP level 25. HP: 254/257 MP: 25/25
 90581 | Crypt:2  | Found a basalt altar of Yredelemnul.
 90869 | Depths:4 | Entered Level 4 of the Depths
 91308 | Depths:4 | Reached skill level 27 in Armour
 91311 | Depths:4 | Reached skill level 5 in Invocations
 91568 | Depths:4 | Found Eddydu's Antique Weapon Boutique.
 91611 | Depths:4 | Reached skill level 1 in Axes
 91730 | Depths:4 | Found Afeav's Weapon Boutique.
 91799 | Depths:4 | Reached skill level 1 in Earth Magic
 91852 | Depths:4 | Found a portal to a secret trove of treasure.
 91899 | Depths:4 | Found Jabosah's Antique Weapon Emporium.
 92048 | Depths:4 | Reached skill level 1 in Throwing
 92054 | Depths:4 | Reached skill level 1 in Unarmed Combat
 92060 | Depths:4 | Reached skill level 1 in Short Blades
 92115 | Depths:4 | Reached skill level 1 in Staves
 92149 | Depths:4 | Reached skill level 1 in Polearms
 92168 | Depths:4 | Reached skill level 1 in Ranged Weapons
 92211 | Depths:4 | Found a gate to the Realm of Zot.
 92224 | Depths:4 | Identified the +5 ring mail of the Sacrificial Victim
                  | {rPois} (Okawaru gifted it to you on level 4 of the Depths)
 92224 | Depths:4 | Received a gift from Okawaru
 92598 | Snake:2  | Bought 2 potions of curing for 108 gold pieces
 92598 | Snake:2  | Bought a potion of berserk rage for 90 gold pieces
 92598 | Snake:2  | Bought 2 potions of might for 144 gold pieces
 92598 | Snake:2  | Bought a potion of haste for 180 gold pieces
 92598 | Snake:2  | Bought a potion of haste for 180 gold pieces
 92861 | Elf:1    | Bought a potion of curing for 39 gold pieces
 92861 | Elf:1    | Bought a potion of berserk rage for 65 gold pieces
 92861 | Elf:1    | Bought a potion of haste for 130 gold pieces
 92865 | Elf:1    | Bought a potion of curing for 45 gold pieces
 92865 | Elf:1    | Bought a potion of curing for 45 gold pieces
 93000 | D:12     | Bought a potion of curing for 36 gold pieces
 93773 | Zot:1    | Entered Level 1 of the Realm of Zot
 94240 | Zot:1    | Reached skill level 5 in Evocations
 95316 | Zot:1    | Noticed an orb of fire
 95325 | Zot:1    | Gained mutation: Your body sometimes deteriorates upon
                  | taking damage. [an orb of fire]
 95341 | Zot:1    | Gained mutation: You occasionally lose the ability to drink
                  | potions when taking damage. [an orb of fire]
 95343 | Zot:1    | Killed an orb of fire
 96400 | Depths:4 | You paid a toll of 19 potions of curing to enter a treasure
                  | trove
 96401 | Trove    | Entered a treasure trove
 96425 | Trove    | Identified the amulet "Peofrelo" {Acrobat Int+6}
 96427 | Trove    | Identified the amulet "Xowim" {Faith rC+ Str+3}
 96429 | Trove    | Identified the amulet of Epen {Acrobat Dex+3}
 96477 | Trove    | Acquired 660 gold pieces
 96486 | Trove    | Acquired 1166 gold pieces
 97009 | Zot:2    | Reached skill level 10 in Evocations
 97957 | Zot:2    | Received a gift from Okawaru
 97982 | Zot:2    | Reached XP level 26. HP: 235/259 MP: 1/27
 99103 | Zot:2    | Identified the +6 chain mail of the Comet {rElec Int+3}
                  | (Okawaru gifted it to you on level 2 of the Realm of Zot)
 99103 | Zot:2    | Received a gift from Okawaru
 99288 | Zot:2    | Found a huge runed gate.
 99289 | Zot:2    | Found a huge runed gate.
 99289 | Zot:2    | Found a huge runed gate.
 99290 | Zot:2    | Found a huge runed gate.
 99290 | Zot:2    | Found a huge runed gate.
 99308 | Zot:2    | Found a huge runed gate.
 99309 | Zot:2    | Found a huge runed gate.
 99309 | Zot:2    | Found a huge runed gate.
 99309 | Zot:2    | Found a huge runed gate.
 99310 | Zot:2    | Found a huge runed gate.
 99311 | Zot:2    | Found a huge runed gate.
 99311 | Zot:2    | Found a huge runed gate.
 99312 | Zot:2    | Found a huge runed gate.
 99313 | Zot:2    | Found a huge runed gate.
 99423 | Zot:2    | Found a huge runed gate.
 99423 | Zot:2    | Found a huge runed gate.
 99424 | Zot:2    | Found a huge runed gate.
 99425 | Zot:2    | Found a huge runed gate.
 99426 | Zot:2    | Found a huge runed gate.
 99438 | Zot:2    | Found a huge runed gate.
 99439 | Zot:2    | Found a huge runed gate.
 99447 | Zot:2    | Found a huge runed gate.
 99448 | Zot:2    | Found a huge runed gate.
 99448 | Zot:2    | Found a huge runed gate.
 99449 | Zot:2    | Found a huge runed gate.
 99457 | Zot:2    | Found a huge runed gate.
 99457 | Zot:2    | Found a huge runed gate.
 99457 | Zot:2    | Found a huge runed gate.
 99457 | Zot:2    | Found a huge runed gate.
 99457 | Zot:2    | Found a huge runed gate.
 99459 | Zot:2    | Found a huge runed gate.
 99460 | Zot:2    | Found a huge runed gate.
 99461 | Zot:2    | Found a huge runed gate.
 99462 | Zot:2    | Found a huge runed gate.
 99470 | Zot:2    | Found a huge runed gate.
 99470 | Zot:2    | Found a huge runed gate.
 99525 | Zot:2    | Noticed ShutUppercut's ghost (legendary DsGl)
 99525 | Zot:2    | Noticed Yklao's ghost (veteran FeEn)
 99525 | Zot:2    | Noticed Decrayps's ghost (veteran FeEn)
 99525 | Zot:2    | Noticed Flapstick's ghost (legendary HaBe)
 99525 | Zot:2    | Noticed Alunk's ghost (legendary GnFi)
 99525 | Zot:2    | Noticed Emnejil's ghost (master VSBe)
 99525 | Zot:2    | Noticed Icycared's ghost (master GrFi)
 99526 | Zot:2    | Noticed Beclu's ghost (legendary GnSk)
 99528 | Zot:2    | Noticed reasonance's ghost (legendary DsFi)
 99567 | Zot:1    | Killed ShutUppercut's ghost
 99568 | Zot:1    | Reached skill level 10 in Invocations
 99611 | Zot:1    | Killed Decrayps's ghost
100133 | Zot:1    | Killed reasonance's ghost
100264 | Zot:2    | Killed Emnejil's ghost
100303 | Zot:2    | Killed Yklao's ghost
100567 | Zot:1    | Killed Flapstick's ghost
100611 | Zot:1    | Killed Beclu's ghost
101025 | Zot:2    | Killed Icycared's ghost
101150 | Zot:1    | Killed Alunk's ghost
101268 | Zot:2    | Identified the staff of cold "Voim" {Fly rC+ Int+3}
101275 | Zot:2    | Identified the staff of conjuration "Poogor" {rPois rF+++
                  | Int-2 Dex+3}
101918 | Zot:2    | Found the +3 robe of Clouds {*Thunder rCloud rElec}
101920 | Zot:2    | Found the +4 dragonskin cloak
101920 | Zot:2    | Noticed Tiamat
101971 | Zot:2    | Killed Tiamat
102356 | Zot:2    | Identified the +3 triple crossbow of the Lost Hells {drain,
                  | *Slow rF- Int+8 Stlth+}
103269 | Slime:1  | Entered Level 1 of the Pits of Slime
103279 | Slime:1  | Received a gift from Okawaru
103542 | Slime:1  | Gained mutation: You are vulnerable to cold. (rC-) [a
                  | shining eye]
103805 | Slime:5  | Entered Level 5 of the Pits of Slime
103972 | Slime:5  | Gained mutation: Your spells are a little easier to cast,
                  | but a little less powerful. [a shining eye]
103976 | Slime:5  | Paralysed by a floating eye for 2 turns
103985 | Slime:5  | Paralysed by a floating eye for 3 turns
104124 | Slime:4  | Reached skill level 15 in Invocations
104156 | Slime:5  | Received a gift from Okawaru
104430 | Slime:5  | Found a viscous altar of Jiyva.
104442 | Slime:5  | Reached XP level 27. HP: 245/273 MP: 33/33
104507 | Slime:5  | Noticed the Royal Jelly
104529 | Slime:5  | Killed the Royal Jelly
105366 | Slime:5  | Got the Volume of Nauseating Variation
105390 | Slime:5  | Identified the +4 falchion "Zeroyduw" {drain, rElec Int+5}
105420 | Slime:5  | Identified the +9 hand axe "Kiolur" {drain, rN+ Stlth+}
105463 | Slime:5  | Identified the amulet "Baef" {Spirit Rampage Str+2}
105478 | Slime:5  | Got a slimy rune of Zot
105901 | D:13     | Lost mutation: Your body sometimes deteriorates upon taking
                  | damage. [potion of mutation]
105901 | D:13     | Lost mutation: You occasionally lose the ability to drink
                  | potions when taking damage. [potion of mutation]
105901 | D:13     | Gained mutation: You sometimes lose your temper in combat.
                  | [potion of mutation]
105901 | D:13     | Gained mutation: You have an uncontrollable temper. [potion
                  | of mutation]
105901 | D:13     | Gained mutation: You have a pair of large horns on your
                  | head. [potion of mutation]
105901 | D:13     | Gained mutation: Your muscles are strong. (Str +4, Int/Dex
                  | -1) [potion of mutation]
105902 | D:13     | Lost mutation: Your spells are a little easier to cast, but
                  | a little less powerful. [potion of mutation]
105902 | D:13     | Lost mutation: Your muscles are strong. (Str +4, Int/Dex
                  | -1) [potion of mutation]
105902 | D:13     | Gained mutation: You passively map a small area around you.
                  | [potion of mutation]
105902 | D:13     | Gained mutation: Your muscles are strong. (Str +4, Int/Dex
                  | -1) [potion of mutation]
105902 | D:13     | Gained mutation: You are agile. (Dex +4, Str/Int -1)
                  | [potion of mutation]
105903 | D:13     | Lost mutation: Your muscles are strong. (Str +4, Int/Dex
                  | -1) [potion of mutation]
105903 | D:13     | Lost mutation: You are vulnerable to cold. (rC-) [potion of
                  | mutation]
105903 | D:13     | Gained mutation: Your spells are a little harder to cast,
                  | but a little more powerful. [potion of mutation]
105903 | D:13     | Gained mutation: You have hidden genetic defects. [potion
                  | of mutation]
105903 | D:13     | Gained mutation: Your flesh is cold resistant. (rC+)
                  | [potion of mutation]
105904 | D:13     | Lost mutation: You passively map a small area around you.
                  | [potion of mutation]
105904 | D:13     | Lost mutation: You have hidden genetic defects. [potion of
                  | mutation]
105904 | D:13     | Gained mutation: You have hidden genetic potential. [potion
                  | of mutation]
105905 | D:13     | Lost mutation: You are agile. (Dex +4, Str/Int -1) [potion
                  | of mutation]
105905 | D:13     | Lost mutation: You have an uncontrollable temper. [potion
                  | of mutation]
105905 | D:13     | Lost mutation: Your flesh is cold resistant. (rC+) [potion
                  | of mutation]
105905 | D:13     | Gained mutation: You are dopey. (Int -2) [potion of
                  | mutation]
105905 | D:13     | Gained mutation: You have sharp fingernails. [potion of
                  | mutation]
105925 | D:13     | Lost mutation: You have a pair of large horns on your head.
                  | [potion of mutation]
105925 | D:13     | Lost mutation: Your spells are a little harder to cast, but
                  | a little more powerful. [potion of mutation]
105925 | D:13     | Lost mutation: You have hidden genetic potential. [potion
                  | of mutation]
105925 | D:13     | Gained mutation: You are strong-willed. (Will+) [potion of
                  | mutation]
105925 | D:13     | Gained mutation: Your spells are a little easier to cast,
                  | but a little less powerful. [potion of mutation]
105926 | D:13     | Lost mutation: You are dopey. (Int -2) [potion of mutation]
105926 | D:13     | Lost mutation: You are strong-willed. (Will+) [potion of
                  | mutation]
105926 | D:13     | Gained mutation: You are strong-willed. (Will+) [potion of
                  | mutation]
105926 | D:13     | Gained mutation: You occasionally lose the ability to read
                  | scrolls when taking damage. [potion of mutation]
105926 | D:13     | Gained mutation: You passively dampen the noise of your
                  | surroundings. [potion of mutation]
105926 | D:13     | Gained mutation: You have very sharp fingernails. [potion
                  | of mutation]
105927 | D:13     | Lost mutation: You are strong-willed. (Will+) [potion of
                  | mutation]
105927 | D:13     | Lost mutation: You occasionally lose the ability to read
                  | scrolls when taking damage. [potion of mutation]
106054 | Elf:1    | Bought a potion of mutation for 104 gold pieces
106388 | Zig:1    | Entered Level 1 of a ziggurat
106413 | Zig:2    | Entered Level 2 of a ziggurat
106429 | Zig:2    | Identified the +9 halberd of the Pit {pain, Will+ Str+4
                  | SInv Stlth-}
106806 | Zig:3    | Entered Level 3 of a ziggurat
106966 | Zig:4    | Entered Level 4 of a ziggurat
107052 | Zig:5    | Entered Level 5 of a ziggurat
107100 | Zig:5    | Identified the +8 hand axe "Foreonin" {holy, rF++ MP-9
                  | Dex+4}
107111 | Zig:5    | Identified the ring "Roichahe" {rPois rC+ Will+++ Int-3
                  | Dex-5}
107336 | Zig:6    | Entered Level 6 of a ziggurat
107411 | Zig:6    | Identified the +5 long sword "Ranen" {pain, rC+ Str+5}
107422 | Zig:6    | Got the Codex of Chilly Outbursts
107425 | Zig:6    | Identified the staff of death "Sazejotz" {+Blink rPois rN+
                  | Int+3 SInv}
107581 | Zig:7    | Entered Level 7 of a ziggurat
107767 | Zig:7    | Identified the +0 robe "Ankaod" {Str+8 Int-4}
107876 | Zig:8    | Entered Level 8 of a ziggurat
107888 | Zig:8    | Noticed a dread lich
107903 | Zig:8    | Killed a dread lich
107932 | Zig:8    | Identified the +10 dire flail "Ynosyd" {flame, rElec rC-
                  | SInv}
108075 | Zig:9    | Entered Level 9 of a ziggurat
108323 | Zig:9    | Identified the staff of earth "Dosmib" {*Corrode rPois rC+}
108324 | Zig:9    | Identified the +8 scale mail "Gujat" {+Blink rCorr Int-5
                  | Dex-4}
108325 | Zig:9    | Identified the +1 falchion "Kacsat" {flame, Drain Dex+5}
108335 | Zig:9    | Identified the +1 broad axe of Execution {holy, *Slow rC++
                  | rN+++ Dex+3}
108552 | Zig:10   | Entered Level 10 of a ziggurat
108568 | Zig:10   | Noticed a dread lich
108575 | Zig:10   | Noticed a dread lich
108588 | Zig:10   | Killed a dread lich
108602 | Zig:10   | Paralysed by a dread lich for 2 turns
108605 | Zig:10   | Killed a dread lich
108649 | Zig:10   | Found the amulet of Vitality {RegenMP++ Regen++}
108653 | Zig:10   | Identified the ring of the Unbearable God {rCorr Str+3}
108680 | Zig:10   | Identified the ring "Ifyufial" {rPois rF- Will+ rCorr}
108686 | Zig:10   | Got the Octavo of Electric Maleficent Rites
109040 | Zig:11   | Entered Level 11 of a ziggurat
109081 | Zig:11   | Paralysed by a floating eye for 3 turns
109407 | Zig:11   | Identified the ring "Kokh" {rCorr Int-2 Dex+5 Stlth+}
109414 | Zig:11   | Identified the +2 hand axe "Xeef" {heavy, rC+ rN+}
109445 | Zig:12   | Entered Level 12 of a ziggurat
109531 | Zig:12   | HP: 9/273 [Hell Sentinel/damnation (37)]
109945 | Zig:12   | Identified the +2 short sword "Cohiot" {antimagic, rC++
                  | Dex+5}
110088 | Zig:13   | Entered Level 13 of a ziggurat
110237 | Zig:13   | Identified the +10 rapier of Turmoil {protect, Will+ MP+9}
110239 | Zig:13   | Identified the +0 plate armour of Vefiutuf {Contam rElec
                  | Will+ Str+4}
110243 | Zig:13   | Identified the +6 dagger of Bankruptcy {protect, rC- MP+9
                  | Int+5}
110288 | Zig:14   | Entered Level 14 of a ziggurat
110335 | Zig:14   | Slain by a tainted leviathan

Illustrated notes

Levels and vault maps discovered:
D:1:      minmay_arrival_hallway, layout_basic
D:2:      layout_loops_ring, uniq_terence
D:3:      layout_loops_cross, dreamdust_mushroom_princess, lemuel_flame_loot_1
D:4:      layout_cave_pods, minmay_temple_entry_glassed_door,
          gup_sewer_entry_pipe, uniq_ijyb
D:5:      minmay_goblin_kobold_castle, layout_basic,
          nicolae_overflow_hidden_temple, uniq_pikel, uniq_sigmund
D:6:      layout_basic, gammafunk_ghost_nasty_kobolds, uniq_duvessa
D:7:      layout_basic, lemuel_coloured_pillars_altar,
          nicolae_overflow_crystal_walls, nicolae_lava_and_water,
          minmay_fractal_squares_diagonal_5, uniq_menkaure
D:8:      layout_rooms, enter_bailey_6, chequers_jeans, uniq_joseph,
          uniq_maggie, uniq_grum
D:9:      layout_basic, evilmike_ruin_ashenzari, fedhas_altar_2,
          mainiacjoe_overflow_alcove_1, gammafunk_ghost_ooze,
          kennysheep_cross_bottleneck, chequers_serial_rivers_small_3
D:10:     layout_cave_pools, lemuel_crystal_altar, david_orc_2,
          nicolae_shop_sticking_my_neck_out
D:11:     layout_big_octagon, hellmonk_lair_entry_icy, corner_web_ring
D:12:     nzn_motion_control, layout_cave_pods, serial_shops, shop,
          nicolae_shop_tiny_statue_garden, nicolae_shop_just_a_little_nook,
          gauntlet_entry_generic
D:13:     layout_irregular_city, david_vaults_5, nicolae_shop_self_help
D:14:     layout_loops_corners, nicolae_figureground_pulse
D:15:     grunt_enter_depths_hoard, layout_gridville, minmay_misc_feat_cross,
          minivault_1
Temple:   eino_wide_crystal_templ
Lair:1:   layout_roguey, gammafunk_ghost_hive, beast_lair_carwin_11,
          grunt_megastairs_5, uniq_sonja
Lair:2:   layout_regular_city, skrybe_swamp_entry_bodies,
          cheibrodos_lair_caveside_slide, lemuel_fruit_fields,
          grunt_megastairs_2, serial_bayou_shore_b
Lair:3:   layout_loops_ring, guppyfry_snake_entry_garden,
          ebering_ghost_rock_garden, minmay_hedge_maze,
          pdpol_lair_neglected_garden, hangedman_lair_unloving_vines,
          infiniplex_staircase_pool_2
Lair:4:   layout_loops_ring, wad_woods_road_02, st_stairs_10,
          lemuel_fruit_fields, serial_bayou_shore_a
Lair:5:   minmay_lair_end_frog_pond, layout_hall_layers,
          nicolae_slime_entry_slimehenge
Swamp:1:  layout_basic_swamp, evilmike_swamp_ruin_house_5, swamp_pool2,
          nicolae_swamp_oklob_treasure_island
Swamp:2:  layout_falls_marsh, infiniplex_staircase_pool, uniq_mlioglotl
Swamp:3:  layout_basic_swamp, evilmike_swamp_ruin_house_2
Swamp:4:  swamp, layout_basic_swamp, swamp_pool4
Snake:1:  cheibrodos_toxic_ritual, layout_onion, basic_altar,
          nicolae_snake_gridmaze_squiggle
Snake:2:  layout_layer_cave, serial_shops, shop,
          portal_ice_cave_entry_pillars_1, uniq_aizul
Snake:3:  layout_cave_town, grunt_megastairs_1
Snake:4:  johnstein_snake_rune_scales, layout_gridlike, grunt_ministairs_4
Slime:1:  layout_caves
Slime:2:  cheibrodos_slime_lost_civilization_3, layout_caves
Slime:3:  layout_caves
Slime:4:  layout_caves
Slime:5
Orc:1:    layout_diamond_mine, nicolae_orc_tapped_out
Orc:2:    st_orc_ogre_mass, layout_caves, uniq_maurice
Elf:1:    eino_elf_arrival_sip, layout_gridlike, hangedman_elf_disciples,
          grunt_megastairs_4, minmay_shoptagon
Elf:2:    elven_hall_of_blades_hangedman_original
          [nicolae_blade_entry_floor_patterns], layout_onion_city,
          serial_co_window_serial, co_window_paths_a, co_window_paths_a,
          co_window_corner_a, co_window_paths_a, co_window_of_opportunity_a,
          co_window_broadway_c, co_window_of_opportunity_c, co_window_corner_ca,
          co_window_of_opportunity_b, co_window_cross_2, glass_columns_b,
          glass_columns_a, glass_columns_c, glass_columns_a, glass_columns_a
Elf:3:    elf_hall, layout_rooms, serial_shops, nicolae_shop_hallway_plus,
          grunt_ministairs_10
Vaults:1: st_cross, nicolae_vaults_storage_closets_1, v_misc_18,
          vaults_dpeg_cross, hangedman_vaults_cutoff, vaults_room_hallway,
          ontoclasm_vaults_eye, nicolae_vaults_tetromino_Z_2,
          nicolae_vaults_alarming, nicolae_vaults_yaktaur_gun_rack,
          nicolae_vaults_trapezoid_lopsided_1, layout_vaults_chaotic_city,
          serial_shops, shop, uniq_saint_roka
Vaults:2: mu_enter_wizlab_1, nicolae_vaults_network_periphery,
          hangedman_vaults_snaps, v_rooms_6, dpeg_vaults_monster_box, v_rooms_2,
          nicolae_vaults_door_testing_chamber, v_misc_14,
          minmay_crypt_entry_nasty_monster, nicolae_vaults_circle_grid_b,
          nicolae_vaults_angled_halls, nicolae_vaults_house_3, st_cells,
          nicolae_vaults_trapezoid_layered, nicolae_vaults_cochlea,
          vaults_dpeg_encased_lava, nicolae_vaults_little_squares_2,
          layout_vaults_omnibox, uniq_boris
Vaults:3: v_misc_33, nicolae_vaults_network_square,
          nicolae_vaults_offset_grid_hallway_3, nicolae_vaults_tetromino_T_1,
          v_pattern_4, v_misc_15, v_rooms_1, nicolae_vaults_little_ls,
          vaults_room_door_ring, nicolae_vaults_tetromino_T_2, v_rooms_6,
          grunt_vaults_hallway_long, nicolae_vaults_house_3,
          nicolae_vaults_wine_cellar, layout_vaults_ring, uniq_sojobo
Vaults:4: nicolae_vaults_diamond_2, vaults_standard_mumra_x,
          nicolae_vaults_trapezoid_3, vaults_room_guarded_vault, v_misc_27,
          v_misc_4, vaults_room_large_hall, nicolae_vaults_big_angled_halls,
          nicolae_vaults_six-pack, nicolae_vaults_tetromino_Z_2,
          vaults_dpeg_hooks, nicolae_vaults_trapezoid_3,
          nicolae_vaults_double_plus_2, layout_vaults_omnicross, uniq_mennas,
          uniq_zenata
Vaults:5
Crypt:1:  layout_regular_city, uniq_grunn, uniq_margery, uniq_jory
Crypt:2:  layout_chaotic_city, grunt_megastairs_3, lemuel_upstairs_altar
Crypt:3:  church_of_pain_bobbens, layout_chaotic_city,
          nicolae_tomb_entry_unfolded_pyramid_orthogonal, st_small_mortuary
Depths:1: gammafunk_mikee_crab_dinner, layout_basic, hell_entry, hex_medium,
          zin_angel, uniq_nikola
Depths:2: nzn_winding_woodlands_stair_cross [nzn_winding_woodlands_5x15_zeroes,
          nzn_winding_woodlands_center_triple_pond,
          nzn_winding_woodlands_5x15_pool, nzn_winding_woodlands_5x5_default,
          nzn_winding_woodlands_hourglass, nzn_winding_woodlands_5x15_pockets,
          nzn_winding_woodlands_center_pierced_h,
          nzn_winding_woodlands_5x15_cabin], layout_gridlike, enter_ziggurat_e,
          chequers_serial_rivers_small_3, grunt_pan_entry_zigzag,
          grunt_hell_entry_dis_grunt, drop_trap, corexii_hall_statues_i,
          minmay_misc_feat_plants, nrook_uturn, nrook_mini_vaults
Depths:3: evilmike_iron_armoury, layout_cave_pools,
          nicolae_abyss_entry_one_way_or_another, elyvilon_altar_4,
          hangedman_geh_valley, hallowed_hall, serial_bayou_shore_b,
          uniq_josephina
Depths:4: grunt_zot_entry_bicorn, layout_cave_pools,
          abyss_entry_small_statue_room, pan_entry, hell_entry,
          nicolae_trove_entry_path_of_doom, serial_shops, shop, shop, shop
Zot:1:    grunt_zot_stairs_mandelzot, layout_misc_corridors, st_stairs_4,
          st_small_dragon_hoard_5
Zot:2:    lemuel_acid_trip, layout_onion_interference,
          gammafunk_ghost_door_vault, st_grand_hoard_of_tiamat
Zig:14:   ziggurat_pillar_centre_c, ziggurat_pillar_centre_c,
          ziggurat_pillar_centre_c, ziggurat_pillar_centre_c

Skill      XL: |  1  2  3  4  5  6  7  8  9 10 11 12 13 14 15 16 17 18 19 20 21 22 23 24 25 26 27 |
---------------+----------------------------------------------------------------------------------+-----
Fighting       | 4 5 6 8 10 11 13 14 15 16 17 18 19 20 21 23 24 26 27 | 27.0
Shields        | 4 5 6 7 8 9 12 14 16 18 20 22 23 25 26 27 | 27.0
Armour         | 4 6 7 9 10 11 12 14 15 16 17 18 19 20 21 23 26 27 | 27.0
Long Blades    | 3 4 5 7 9 11 13 14 15 16 17 18 19 20 21 22 24 25 27 | 27.0
Dodging        | 1 2 3 4 |  4.3
Maces & Flails | 2 |  2.9
Invocations    | 1 2 3 4 7 15 19 | 19.8
Evocations     | 1 2 3 10 12 13 | 13.3
Stealth        | 1 2 3 |  3.1
Axes           | 1 |  1.9
Earth Magic    | 1 |  1.6
Throwing       | 1 |  1.3
Unarmed Combat | 1 |  1.1
Short Blades   | 1 |  1.3
Staves         | 1 |  1.1
Polearms       | 1 |  1.0
Ranged Weapons | 1 |  1.0
Spellcasting   | |  0.3
Conjurations   | |  0.5
Hexes          | |  0.6
Summonings     | |  0.5
Necromancy     | |  0.6
Translocations | |  0.9
Transmutations | |  0.8
Fire Magic     | |  0.6
Ice Magic      | |  0.8
Air Magic      | |  0.7
Poison Magic   | |  0.6

Action                     |  1- 3 |  4- 6 |  7- 9 | 10-12 | 13-15 | 16-18 | 19-21 | 22-24 | 25-27 || total
---------------------------+-------+-------+-------+-------+-------+-------+-------+-------+-------++-------
  Melee: Long sword        |   101 |   152 |    22 |   560 |  1262 |       |       |       |       ||  2097
         Headbutt          |    11 |    28 |    75 |   204 |   449 |   400 |   479 |   763 |   839 ||  3248
         Scimitar          |       |       |   342 |   309 |   285 |   175 |       |   817 |    17 ||  1945
         Whip              |       |       |       |    17 |    20 |       |       |       |       ||    37
         Demon blade       |       |       |       |       |       |   361 |       |       |       ||   361
         Double sword      |       |       |       |       |       |   945 |  1533 |  1164 |  2261 ||  5903
         Falchion          |       |       |       |       |       |       |       |    40 |       ||    40
 Invoke: Heroism           |       |       |       |     9 |    17 |     9 |    17 |    14 |    31 ||    97
         Finesse           |       |       |       |       |       |       |       |       |     1 ||     1
  Evoke: Wand              |       |       |       |     7 |     9 |     5 |     5 |     8 |     6 ||    40
    Use: Scroll            |     1 |     1 |     2 |    14 |    11 |    16 |    13 |    15 |    17 ||    90
         Potion            |     1 |       |     1 |     6 |    13 |    13 |     8 |     1 |    28 ||    71
   Stab: Distracted        |       |       |       |       |       |       |       |     1 |       ||     1
         Paralysed         |       |       |       |       |       |       |       |     2 |       ||     2
 Armour: Scale mail        |    23 |       |       |       |       |       |       |       |       ||    23
         Chain mail        |    37 |       |       |       |       |       |       |       |       ||    37
         Plate armour      |    24 |    91 |   181 |    55 |    43 |   358 |       |       |       ||   752
         Crystal plate arm |       |       |       |   451 |   734 |   276 |   658 |   171 |       ||  2290
         Gold dragon scale |       |       |       |       |       |       |       |   864 |  1220 ||  2084
  Dodge: Dodged            |    86 |   101 |   213 |   357 |   274 |   312 |   310 |   439 |   617 ||  2709
  Block: Buckler           |    30 |    47 |    82 |   160 |       |       |       |       |       ||   319
         Kite shield       |       |       |       |   219 |   371 |       |       |       |       ||   590
         Tower shield      |       |       |       |       |  1136 |  1613 |  2056 |  2572 |  2854 || 10231
         Reflection        |       |       |       |       |       |       |    86 |    52 |    80 ||   218
